 Dungeon Crawl Stone Soup version 0.25-a0-464-g3004169c2b (webtiles) character file.

Game seed: 8963120620750628505, levelgen mode: deterministic

174413 mopl the Fencer (level 17, -4/108 HPs)
             Began as a Tengu Warper on Feb 4, 2020.
             Was a High Priest of Okawaru.
             Slain by a thrashing horror (14 damage)
             ... on level 2 of the Abyss.
             The game lasted 01:43:13 (33856 turns).

mopl the Fencer (Tengu Warper)                     Turns: 33856, Time: 01:43:14

Health: -4/108     AC: 17    Str: 16 (17) XL:     17   Next: 78%
Magic:  24/24      EV: 23    Int: 15      God:    Okawaru [*****.]
Gold:   4541       SH:  0    Dex: 13 (14) Spells: 8/22 levels left

rFire    + . .     SeeInvis +   b - +2 scimitar (flame)
rCold    + . .     Gourm    .   (no shield)
rNeg     . . .     Faith    .   y - +5 ring mail "Vapim" {Regen+}
rPois    +         Spirit   .   r - +0 hat "Oguwed" {rF+}
rElec    .         Reflect  .   K - +1 cloak "Telothro" {rPois rC+ MR+}
rCorr    +         Harm     .   Q - +0 pair of gloves
MR       ++...                  (boots unavailable)
Stlth    +++.......             U - amulet of regeneration
HPRegen  1.08/turn              E - ring of resist corrosion
MPRegen  0.19/turn              g - ring of see invisible

@: heroism, flying quickly and evasively, studying Long Blades, drained, quick
A: beak, talons 3, deterioration 1, able to fly
}: 1/15 runes: decaying
a: Stop Flying, Heroism, Finesse, Renounce Religion


You were on level 2 of the Abyss.
You worshipped Okawaru.
Okawaru was extremely pleased with you.
You were not hungry.

You visited 7 branches of the dungeon, and saw 30 of its levels.
You visited the Abyss 1 time.
You also visited: Ossuary, Gauntlet and Ice Cave.

You collected 5045 gold pieces.
You spent 504 gold pieces at shops.

Inventory:

Hand Weapons
 a - the +7 long sword "Giantbane" {vamp, -Tele *Noise rPois SInv}
   (You found it in an ice cave)

   It inflicts no extra harm, but heals its wielder when it wounds a living foe.
   It protects you from poison.
   It lets you see invisible.
   It may make noises in combat.
   It prevents most forms of teleportation.
 b - a +2 scimitar of flaming (weapon)
Missiles
 e - 10 boomerangs of dispersal
 i - 18 silver javelins
 k - 26 javelins
 m - 3 throwing nets
 n - 33 boomerangs (quivered)
 A - 89 poisoned darts
 C - 23 atropa-tipped darts
 F - 11 datura-tipped darts
 N - 3 curare-tipped darts
Armour
 r - the +0 hat "Oguwed" (worn) {rF+}
   (You found it in a Gauntlet)

   It protects you from fire.
   If you remove this armour, your AC will rise 0 points (17 -> 17)
 y - the +5 ring mail "Vapim" (worn) {Regen+}
   (Okawaru gifted it to you on level 6 of the Lair of Beasts)

   It increases your rate of regeneration.
   If you remove this armour, your AC will fall 13 points (17 -> 4)
 H - a +0 shield of poison resistance
 K - the +1 cloak "Telothro" (worn) {rPois rC+ MR+}
   (You found it in an ice cave)

   It protects you from cold.
   It protects you from poison.
   It affects your resistance to hostile enchantments.
   If you remove this armour, your AC will fall 3 points (17 -> 14)
 Q - a +0 pair of gloves (worn)
 R - the +2 robe "Noohimez" {rElec rF+, unknown}
   (You found it on level 2 of the Abyss)

   It protects you from fire.
   It insulates you from electricity.
   If you switch to wearing this armour, your AC will fall 8 points (17 -> 9)
Jewellery
 g - a ring of see invisible (right hand)
 E - a ring of resist corrosion (left hand)
 U - an amulet of regeneration (around neck)
Wands
 l - a wand of iceblast (18)
 q - a wand of enslavement (11)
 z - a wand of paralysis (13)
 B - a wand of digging (6)
 L - a wand of flame (118)
 S - a wand of disintegration (40)
 V - a wand of polymorph (6)
Scrolls
 d - 6 scrolls of blinking
 f - 6 scrolls of identify
 t - 8 scrolls of teleportation
 x - 3 scrolls of fear
 G - a scroll of vulnerability
 I - 4 scrolls of fog
 J - 11 scrolls of remove curse
 O - 4 scrolls of magic mapping
 W - 2 scrolls of summoning
Potions
 h - 5 potions of magic
 j - 5 potions of haste
 o - 7 potions of might
 p - 7 potions of heal wounds
 u - 4 potions of resistance
 v - 3 potions of invisibility
 w - 13 potions of curing
 M - 7 potions of lignification {!q}
 T - 8 potions of agility
 X - 2 potions of berserk rage {!q}
Books
 D - a manual of Long Blades
Miscellaneous
 s - a fan of gales
 P - a sack of spiders
Comestibles
 c - 42 rations


   Skills:
 + Level 12.4(16.0) Fighting
 + Level 16.8(20.3) Long Blades
 + Level 11.9(15.5) Throwing
 + Level 10.8(14.5) Armour
 + Level 11.0(14.7) Dodging
 + Level 5.1(8.9) Stealth
 - Level 3.0(2.0) Spellcasting
 - Level 2.0(1.1) Charms
 + Level 9.3(8.2) Translocations
 + Level 8.2(7.1) Invocations
 + Level 9.2(8.0) Evocations


You had 8 spell levels left.
You knew the following spells:

 Your Spells              Type           Power        Failure   Level  Hunger
b - Teleport Other        Tloc           ####....     3%          3    ###....
c - Lesser Beckoning      Tloc           ####......   3%          3    ###....
e - Blink                 Tloc           N/A          1%          2    ###....
f - Shroud of Golubria    Chrm/Tloc      ###...       8%          2    ###....
P - Passage of Golubria   Tloc           N/A          12%         4    #####..

Your spell library contained the following spells:

 Spells                   Type           Power        Failure   Level  Hunger
 Gell's Gravitas          Tloc           ####......   3%          3    ###....
 Animate Skeleton         Necr           N/A          34%         1    #......
 Corona                   Hex            #......      34%         1    #......
 Magic Dart               Conj           #...         34%         1    #......
 Pain                     Necr           #...         34%         1    #......
 Summon Butterflies       Summ           #.......     34%         1    #......
 Summon Small Mammal      Summ           #...         34%         1    #......
 Call Imp                 Summ           #.......     45%         2    ###....
 Corpse Rot               Necr/Air       N/A          45%         2    ###....
 Ensorcelled Hibernation  Hex/Ice        #.....       45%         2    ###....
 Searing Ray              Conj           #.....       45%         2    ###....
 Sublimation of Blood     Necr           #.........   45%         2    ###....
 Iskenderun's Mystic Bla  Conj/Tloc      ##......     54%         4    #####..
 Call Canine Familiar     Summ           #.......     71%         3    ###....
 Confusing Touch          Hex            #.......     71%         3    ###....
 Dazzling Flash           Conj/Hex       #.....       71%         3    ###....
 Static Discharge         Conj/Air       #.......     71%         3    ###....
 Summon Guardian Golem    Hex/Summ       #.......     71%         3    ###....
 Tukima's Dance           Hex            #.......     71%         3    ###....
 Vampiric Draining        Necr           #.........   71%         3    ###....
 Animate Dead             Necr           N/A          98%         4    #####..
 Dispel Undead            Necr           #.......     98%         4    #####..
 Fulminant Prism          Conj/Hex       #.........   98%         4    #####..
 Summon Ice Beast         Ice/Summ       #.......     98%         4    #####..
 Summon Lightning Spire   Summ/Air       #.......     98%         4    #####..
 Agony                    Necr           #.......     100%        5    ######.
 Excruciating Wounds      Chrm/Necr      #.........   100%        5    ######.
 Lightning Bolt           Conj/Air       #.........   100%        5    ######.
 Summon Mana Viper        Hex/Summ       #.......     100%        5    ######.
 Death Channel            Necr           #.........   100%        6    #######
 Summon Hydra             Summ           #.........   100%        7    #######
 Ignition                 Fire           #.........   100%        8    #######
 Shatter                  Erth           #.........   100%        9    #######
 Tornado                  Air            #.........   100%        9    #######


Dungeon Overview and Level Annotations

Branches:
Dungeon (15/15)            Temple (1/1) D:4            Lair (6/6) D:8
  Swamp (4/4) Lair:4        Snake (1/4) Lair:2        Slime (0/5) Lair:5
    Orc (2/2) D:11            Elf (1/3) Orc:2        Vaults (0/5) D:13
 Depths (0/5) D:15        Ossuary (visited)           IceCv (visited)
Gauntlet (visited)

Altars:
Ashenzari
Cheibriados
Dithmenos
Elyvilon
Fedhas
Gozag
Hepliaklqana
Kikubaaqudgha
Makhleb
Nemelex Xobeh
Okawaru
Qazlal
Ru
Sif Muna
Trog
Uskayaw
Vehumet
Wu Jian
Xom
Yredelemnul
Zin
The Shining One
Jiyva

Shops:
D:11 (::   Orc:2 [:((!*

Annotations:
D:13 Rupert
Lair:3 exclusion: 2 oklob plants
Swamp:4 3 runed translucent doors, Torious's ghost, adept DECj
Snake:1 Louise


Innate Abilities, Weirdness & Mutations

You have a beak for a mouth.
You have claws for feet.
You can fly continuously.
Your body sometimes deteriorates upon taking damage.


Message History

The thrashing horror is severely damaged.
You feel yourself speed up.
The thrashing horror tramples you but does no damage.
The thrashing horror barely misses you.
Unknown command.
Throwing (i - inventory. (/) - cycle)
n - 33 boomerangs (quivered)
Press: ? - help, Shift-Dir - straight line, f/p - thrashing horror
Aim: a thrashing horror (severely damaged, unusually strong)
You throw a boomerang.
The boomerang hits the thrashing horror but does no damage.
The thrashing horror is severely damaged.
The thrashing horror completely misses you.
You riposte.
You hit the thrashing horror but do no damage.
You claw the thrashing horror, but do no damage.
You peck the thrashing horror, but do no damage.
The thrashing horror is severely damaged.
The thrashing horror closely misses you.
The thrashing horror tramples you!
You die...

. . .. ..... ...
......... .
....# . .
#........ .. ..
........ . #.##
. ......#....##.
..## ##.. #..
.......##
...#..... #....#
#...####.......
....
...#....#...#..#
.....
..###.#_.X@..#
... .
.#..#######.##
.. .' ...# #.# #
##... # ..# ...
... .. ..## ## #
#


You could see a thrashing horror.

Vanquished Creatures
  Nikola (Snake:1)
  A bone dragon (Swamp:4)
  A tentacled monstrosity (Swamp:2)
  A thorn hunter (Swamp:4)
  Kirke (D:15)
  6 dire elephants (Lair:6)
  A minotaur (Gauntlet)
  An eidolon (Abyss:2)
  2 fire dragons
  A green death (Gauntlet)
  10 hydras
  A vault guard (D:13)
  2 ice dragons
  2 anacondas
  A catoblepas (Lair:4)
  2 centaur warriors
  6 ghost crabs
  6 two-headed ogres
  A queen ant (shapeshifter) (D:15)
  2 death knights
  14 death yaks
  6 alligators
  A tengu warrior (D:15)
  A naga sharpshooter (Snake:1)
  3 orc high priests
  5 spriggans
  A fire crab (Lair:2)
  5 swamp dragons
  A sea snake (Snake:1)
  2 unseen horrors (D:12)
  4 spriggan druids
  A necromancer (IceCv)
  3 phantasmal warriors
  A lindwurm (Lair:6)
  A wolf spider zombie (D:15)
  Pikel (D:8)
  3 spectral hydras (Swamp:4)
  5 orc knights
  3 manticores
  4 ugly things
  2 deep elf magi
  5 cyclopes
  A naga mage (Snake:1)
  8 black mambas
  15 elephants
  3 ice statues (IceCv)
  A black mamba (shapeshifter) (D:14)
  An orange demon (Gauntlet)
  A gargoyle (D:12)
  15 spiny frogs
  3 freezing wraiths
  2 rime drakes
  A komodo dragon (Lair:6)
  An efreet (D:14)
  3 swamp worm zombies (Swamp:4)
  8 ice devils (IceCv)
  7 polar bears
  A troll (shapeshifter) (D:10)
  5 trolls
  14 tyrant leeches
  4 hydra zombies (Swamp:4)
  10 hornets
  11 blink frogs
  4 spectral swamp dragons (Swamp:4)
  10 bog bodies
  4 alligator zombies (Swamp:4)
  A meliai zombie (D:15)
  28 slime creatures
  7 hippogriffs
  4 shadows
  A human (D:7)
  3 wraiths
  7 wyverns
  6 hogs
  Grum (D:8)
  56 yaks
  2 hungry ghosts
  37 vampire mosquitoes
  2 chaos spawn
  31 insubstantial wisps
  14 swamp worms
  4 nagas
  A warg (Orc:1)
  An acid dragon (D:13)
  2 soldier ants
  14 water moccasins
  5 porcupines
  7 swamp drakes
  3 ice beasts
  24 orc warriors
  4 black bears
  12 phantoms
  6 sky beasts
  An eye of draining (D:15)
  2 swamp dragon zombies (Swamp:4)
  20 centaurs
  14 wolves
  10 ogres
  2 necrophages
  11 crocodiles
  Blork the orc (D:6)
  14 bullfrogs
  3 big kobolds
  9 small abominations (Gauntlet)
  17 killer bees
  3 electric eels
  4 howler monkeys
  13 wights (D:13)
  6 centaur zombies
  5 crimson imps
  A quasit (D:10)
  5 bullfrog zombies
  8 hounds
  4 jellies
  2 human zombies (Ossuary)
  2 bullfrog skeletons
  26 orc priests
  8 centaur skeletons
  4 iguanas
  30 orc wizards
  A spriggan simulacrum (IceCv)
  11 worker ants
  A troll simulacrum (IceCv)
  A big kobold zombie (Ossuary)
  4 centaur simulacra (IceCv)
  7 hound zombies
  4 hound skeletons
  4 mummies
  8 gnolls
  9 adders
  2 naga simulacra (IceCv)
  2 ogre simulacra (IceCv)
  A swamp drake zombie (Swamp:4)
  6 shadow imps
  5 adder zombies
  An ooze (D:3)
  An adder skeleton (D:5)
  2 dart slugs
  3 leopard geckos
  74 orcs
  A ball python (D:1)
  7 giant cockroaches
  4 goblins
  8 hobgoblins
  8 jackals
  A quokka (D:6)
  8 bats
  3 frilled lizards
  2 gnoll zombies (Ossuary)
  3 goblin zombies (Ossuary)
  3 hobgoblin zombies (Ossuary)
  2 jackal zombies (Ossuary)
  17 kobolds
  7 kobold zombies (Ossuary)
  A leopard gecko zombie (D:7)
  An orc zombie (Ossuary)
  6 quokka zombies
  7 rats
  2 plants (Lair:6)
1000 creatures vanquished.

Vanquished Creatures (collateral kills)
  An orc high priest (Orc:2)
  An orc knight (Orc:2)
  An orc sorcerer (Orc:2)
  2 orc warriors (Orc:2)
  A gnoll sergeant (Orc:2)
  2 orc wizards (Orc:2)
  5 orcs (Orc:2)
13 creatures vanquished.

Vanquished Creatures (others)
  An alligator (Swamp:4)
  A death drake (Swamp:4)
  An orc knight (Orc:2)
  2 orc sorcerers (Orc:2)
  A hornet (Swamp:4)
  A slime creature (Swamp:1)
  A spriggan (Swamp:4)
  A yak (D:8)
  A swamp worm (Swamp:4)
  7 insubstantial wisps (Swamp:1)
  An orc warrior (Orc:2)
  A swamp drake (Swamp:2)
  A slave (D:8)
  A swamp dragon zombie (Swamp:4)
  7 briar patches (Swamp:4)
  A bush (Lair:6)
  8 fungi
  10 plants
47 creatures vanquished.

Grand Total: 1060 creatures vanquished

Notes
Turn   | Place    | Note
-------+----------+-------------------------------------------
     0 | D:1      | mopl the Tengu Warper began the quest for the Orb.
     0 | D:1      | Reached XP level 1. HP: 12/12 MP: 4/4
    42 | D:1      | Reached XP level 2. HP: 12/17 MP: 6/6
    51 | D:1      | Learned a level 2 spell: Blink
    54 | D:1      | Learned a level 2 spell: Shroud of Golubria
   390 | D:1      | Reached skill level 3 in Long Blades
   420 | D:1      | Reached XP level 3. HP: 22/22 MP: 7/7
   954 | D:2      | Reached XP level 4. HP: 26/27 MP: 8/8
   965 | D:2      | Learned a level 3 spell: Lesser Beckoning
  1341 | D:3      | Reached skill level 4 in Long Blades
  1513 | D:3      | Reached skill level 3 in Fighting
  1518 | D:3      | Found a radiant altar of Vehumet.
  1905 | D:3      | Found an opulent altar of Gozag.
  1985 | D:3      | Reached skill level 3 in Translocations
  1985 | D:3      | Gained mutation: You can fly continuously. [Tengu growth]
  1985 | D:3      | Reached XP level 5. HP: 32/32 MP: 9/9
  2033 | D:4      | Noticed an ogre
  2444 | D:3      | Reached skill level 5 in Long Blades
  2444 | D:3      | Reached XP level 6. HP: 28/37 MP: 10/10
  3152 | D:4      | Found a staircase to the Ecumenical Temple.
  3178 | Temple   | Entered the Ecumenical Temple
  3260 | Temple   | Became a worshipper of Warmaster Okawaru
  3861 | D:4      | Reached XP level 7. HP: 39/42 MP: 11/11
  3870 | D:4      | Reached skill level 4 in Fighting
  3951 | D:5      | Entered Level 5 of the Dungeon
  3988 | D:5      | Reached skill level 6 in Long Blades
  3992 | D:5      | Reached * piety under Okawaru
  4016 | D:5      | Reached skill level 2 in Throwing
  4016 | D:5      | Reached skill level 1 in Invocations
  4483 | D:5      | Reached skill level 4 in Translocations
  4483 | D:5      | Reached XP level 8. HP: 36/48 MP: 12/12
  4978 | D:6      | Reached skill level 2 in Invocations
  4981 | D:6      | Reached skill level 7 in Long Blades
  5037 | D:6      | Reached skill level 3 in Spellcasting
  5044 | D:6      | Learned a level 4 spell: Passage of Golubria
  5063 | D:6      | Reached skill level 3 in Throwing
  5223 | D:6      | Noticed Blork the orc
  5238 | D:6      | Killed Blork the orc
  5452 | D:6      | Reached ** piety under Okawaru
  5452 | D:6      | Reached skill level 5 in Fighting
  5624 | D:6      | Noticed a hornet
  5629 | D:6      | Killed a hornet
  5629 | D:6      | Reached skill level 8 in Long Blades
  5629 | D:6      | Reached skill level 3 in Invocations
  5629 | D:6      | Reached XP level 9. HP: 31/54 MP: 14/14
  6114 | D:7      | Reached skill level 4 in Throwing
  6245 | D:7      | Reached skill level 5 in Translocations
  6477 | D:6      | Reached skill level 9 in Long Blades
  6753 | D:7      | Reached *** piety under Okawaru
  6753 | D:7      | Reached skill level 6 in Fighting
  6759 | D:7      | Reached skill level 4 in Invocations
  6823 | D:8      | Found a white marble altar of Elyvilon.
  6828 | D:8      | Found an ancient bone altar of Kikubaaqudgha.
  6828 | D:8      | Found a basalt altar of Yredelemnul.
  6880 | D:8      | Found a glowing silver altar of Zin.
  6880 | D:8      | Found a bloodstained altar of Trog.
  6880 | D:8      | Found a hazy altar of Hepliaklqana.
  6880 | D:8      | Found a shadowy altar of Dithmenos.
  6889 | D:8      | Found a shattered altar of Ashenzari.
  6911 | D:8      | Found an opulent altar of Gozag.
  6992 | D:8      | Reached XP level 10. HP: 29/60 MP: 13/15
  7005 | D:8      | Got a warped scimitar
  7006 | D:8      | Identified the +5 scimitar "Wusoigiq" {holy, *Contam rPois
                  | rF+ rC+} (You found it on level 8 of the Dungeon)
  7084 | D:8      | Found a sand-covered staircase.
  7093 | Ossuary  | Entered an ossuary
  7378 | Ossuary  | Reached skill level 5 in Throwing
  7476 | D:8      | Noticed a death yak
  7498 | D:8      | Killed a death yak
  7519 | D:8      | Noticed a death yak
  7520 | D:8      | Found a staircase to the Lair.
  7520 | D:8      | Noticed a death yak
  7582 | D:8      | Killed a death yak
  7582 | D:8      | Reached **** piety under Okawaru
  7582 | D:8      | Received a gift from Okawaru
  7582 | D:8      | Reached skill level 10 in Long Blades
  7849 | D:8      | Noticed Grum
  8178 | D:8      | Reached skill level 5 in Invocations
  8182 | D:8      | Killed Grum
  8182 | D:8      | Reached skill level 6 in Translocations
  8237 | D:7      | Killed a death yak
  8237 | D:7      | Reached skill level 7 in Fighting
  8362 | D:8      | Got a twisted scale mail
  8482 | D:8      | Identified the +5 scale mail of the Apprentice {rElec rF-
                  | rC+ MR- Str+7} (You found it on level 8 of the Dungeon)
  8497 | D:8      | Learned a level 3 spell: Teleport Other
  8591 | D:8      | Noticed Pikel
  8600 | D:8      | Killed Pikel
  8600 | D:8      | Reached skill level 6 in Throwing
  8600 | D:8      | Reached XP level 11. HP: 67/67 MP: 13/16
  8611 | D:8      | Received a gift from Okawaru
  8614 | D:8      | Reached skill level 11 in Long Blades
  8860 | D:8      | Paralysed by a hornet for 3 turns
  9172 | D:9      | Found a shimmering altar of Xom.
  9173 | D:9      | Found the +7 mace of Variability {chain chaos}
  9389 | D:9      | Noticed a brown ugly thing
  9402 | D:9      | Killed a brown ugly thing
 10580 | D:10     | Entered Level 10 of the Dungeon
 10593 | D:10     | Noticed a phantasmal warrior
 10593 | D:10     | Noticed a phantasmal warrior
 10851 | Lair:1   | Entered Level 1 of the Lair of Beasts
 10859 | Lair:1   | Received a gift from Okawaru
 11086 | Lair:1   | Reached skill level 6 in Invocations
 11512 | Lair:1   | Reached ***** piety under Okawaru
 11801 | Lair:1   | Reached skill level 8 in Fighting
 11813 | Lair:1   | Reached skill level 12 in Long Blades
 11815 | Lair:1   | Reached skill level 7 in Throwing
 11856 | Lair:1   | Reached skill level 7 in Translocations
 12418 | Lair:1   | Reached XP level 12. HP: 53/74 MP: 10/17
 12809 | Lair:2   | Received a gift from Okawaru
 12876 | Lair:2   | Reached skill level 2 in Armour
 12892 | Lair:2   | Reached skill level 3 in Dodging
 13024 | Lair:2   | Noticed a death yak
 13039 | Lair:2   | Noticed a death yak
 13042 | Lair:2   | Killed a death yak
 13042 | Lair:2   | Received a gift from Okawaru
 13042 | Lair:2   | Noticed a death yak
 13043 | Lair:2   | Noticed a death yak
 13075 | Lair:2   | Killed a death yak
 13126 | Lair:1   | Killed a death yak
 13452 | Lair:2   | Found a staircase to the Snake Pit.
 13496 | Lair:2   | Reached skill level 3 in Armour
 13588 | Lair:2   | Reached skill level 1 in Charms
 13597 | Lair:2   | Reached skill level 7 in Invocations
 13890 | Lair:2   | Reached skill level 4 in Dodging
 13928 | Lair:2   | Reached skill level 13 in Long Blades
 14002 | Lair:2   | Received a gift from Okawaru
 14212 | Lair:2   | Reached XP level 13. HP: 43/80 MP: 11/19
 14282 | Lair:2   | Reached skill level 8 in Throwing
 14282 | Lair:2   | Reached skill level 4 in Armour
 14282 | Lair:2   | Reached skill level 2 in Charms
 14705 | Lair:2   | Reached skill level 9 in Fighting
 15085 | Lair:3   | Received a gift from Okawaru
 15490 | Lair:3   | Got a pitted ring mail
 15501 | Lair:3   | Identified the +5 ring mail of the Maze {rN++ MP+9} (You
                  | found it on level 3 of the Lair of Beasts)
 15521 | Lair:3   | Reached skill level 1 in Evocations
 16105 | Lair:4   | Reached skill level 5 in Dodging
 16401 | Lair:4   | Reached skill level 8 in Translocations
 16465 | Lair:4   | Found a staircase to the Swamp.
 16604 | Lair:4   | You are sucked into a shaft and drop 2 floors!
 16604 | Lair:6   | Entered Level 6 of the Lair of Beasts
 16642 | Lair:5   | Reached skill level 2 in Evocations
 16808 | Lair:5   | Reached skill level 5 in Armour
 17106 | Lair:5   | Found a viscous altar of Jiyva.
 17106 | Lair:5   | Found a staircase to the Slime Pits.
 17404 | Lair:4   | Received a gift from Okawaru
 18313 | Lair:6   | Reached skill level 14 in Long Blades
 18313 | Lair:6   | Reached skill level 3 in Evocations
 18432 | Lair:6   | Reached skill level 8 in Invocations
 18437 | Lair:6   | Received a gift from Okawaru
 18437 | Lair:6   | Reached skill level 6 in Dodging
 18438 | Lair:6   | Got a translucent ring mail {god gift}
 18441 | Lair:6   | Reached XP level 14. HP: 86/86 MP: 21/21
 18463 | Lair:6   | Identified the +5 ring mail "Vapim" {Regen+} (Okawaru
                  | gifted it to you on level 6 of the Lair of Beasts)
 19094 | Lair:6   | Noticed a dire elephant
 19120 | Lair:6   | Killed a dire elephant
 19120 | Lair:6   | Reached skill level 9 in Throwing
 19120 | Lair:6   | Reached skill level 6 in Armour
 19191 | Lair:6   | Noticed a dire elephant
 19195 | Lair:6   | Noticed a dire elephant
 19207 | Lair:6   | Killed a dire elephant
 19216 | Lair:6   | Killed a dire elephant
 19236 | Lair:6   | Noticed a dire elephant
 19254 | Lair:6   | Killed a dire elephant
 19254 | Lair:6   | Reached skill level 4 in Evocations
 19404 | Lair:6   | Noticed a dire elephant
 19404 | Lair:6   | Noticed a dire elephant
 19424 | Lair:6   | Killed a dire elephant
 19436 | Lair:6   | Killed a dire elephant
 19436 | Lair:6   | Reached skill level 10 in Fighting
 19465 | Lair:6   | Got a slimy dagger
 19600 | Lair:1   | Identified a scroll of acquirement
 20235 | D:10     | Reached skill level 7 in Dodging
 20942 | D:11     | Found Coryt's Book Shoppe.
 21053 | D:11     | Found Iplanits's Book Shop.
 21103 | D:11     | Received a gift from Okawaru
 21140 | D:11     | Found a staircase to the Orcish Mines.
 21292 | D:11     | Received a gift from Okawaru
 21292 | D:11     | Reached skill level 15 in Long Blades
 21432 | D:11     | Reached skill level 7 in Armour
 21535 | D:11     | Found Voxkixt's Weapon Shop.
 21748 | D:12     | Found a gate leading to a gauntlet.
 21755 | Gauntlet | Entered a Gauntlet
 21755 | Gauntlet | Found a runed translucent gate.
 21755 | Gauntlet | Found a transporter.
 21755 | Gauntlet | Found a transporter.
 21756 | Gauntlet | Found a transporter.
 21757 | Gauntlet | Found a transporter.
 21757 | Gauntlet | Found a transporter.
 21758 | Gauntlet | Found a runed translucent gate.
 21759 | Gauntlet | Found a runed translucent gate.
 21760 | Gauntlet | Found a transporter.
 21764 | Gauntlet | Found a runed translucent door.
 21766 | Gauntlet | Found a runed translucent door.
 21767 | Gauntlet | Found a transporter.
 21768 | Gauntlet | Found a transporter.
 21769 | Gauntlet | Found a transporter.
 21771 | Gauntlet | Found a transporter.
 21779 | Gauntlet | Found a transporter.
 21780 | Gauntlet | Found a transporter.
 21895 | Gauntlet | Got a faintly humming hat
 21906 | Gauntlet | Identified the +0 hat "Oguwed" {rF+} (You found it in a
                  | Gauntlet)
 21965 | Gauntlet | Reached skill level 9 in Translocations
 21965 | Gauntlet | Reached skill level 5 in Evocations
 21965 | Gauntlet | Reached XP level 15. HP: 82/92 MP: 22/22
 22480 | D:12     | Received a gift from Okawaru
 22483 | D:12     | Got a dazzling buckler {god gift}
 22493 | D:12     | Identified the +0 buckler of Kafyuk {Str-4 Int+7 Dex+9
                  | Slay-4} (Okawaru gifted it to you on level 12 of the
                  | Dungeon)
 22562 | D:12     | Got a pitted rapier
 22929 | Orc:1    | Entered Level 1 of the Orcish Mines
 23183 | Orc:2    | Entered Level 2 of the Orcish Mines
 23471 | Orc:2    | Found Joretuw's General Store.
 23524 | Orc:2    | Found Legisoja's Armour Shoppe.
 23738 | Orc:2    | Found a staircase to the Elven Halls.
 23790 | Orc:2    | Reached skill level 8 in Dodging
 24244 | Orc:2    | Reached skill level 10 in Throwing
 24658 | Elf:1    | Entered Level 1 of the Elven Halls
 24774 | Orc:2    | Found Jearis's Book Boutique.
 24774 | Orc:2    | Found Ifadiv's Antique Weapon Emporium.
 24776 | Orc:2    | Found Ehyghut's Weapon Boutique.
 24776 | Orc:2    | Found Ulao's Distillery.
 24785 | Orc:2    | Bought a potion of resistance for 120 gold pieces
 24785 | Orc:2    | Bought a potion of heal wounds for 60 gold pieces
 24785 | Orc:2    | Bought 2 potions of curing for 72 gold pieces
 24785 | Orc:2    | Bought a potion of curing for 36 gold pieces
 24785 | Orc:2    | Bought a potion of haste for 120 gold pieces
 24785 | Orc:2    | Bought a potion of agility for 48 gold pieces
 24785 | Orc:2    | Bought a potion of agility for 48 gold pieces
 24990 | D:13     | Reached skill level 6 in Evocations
 25006 | D:13     | Found a frozen archway.
 25055 | D:13     | Reached skill level 8 in Armour
 25069 | IceCv    | Entered an ice cave
 25297 | IceCv    | Got a distressingly furry cloak
 25308 | IceCv    | Identified the +1 cloak "Telothro" {rPois rC+ MR+} (You
                  | found it in an ice cave)
 25313 | IceCv    | Got a translucent long sword
 25717 | D:13     | Found a gate to the Vaults.
 25975 | D:13     | Reached skill level 16 in Long Blades
 26255 | D:13     | Reached skill level 11 in Fighting
 26440 | D:13     | Received a gift from Okawaru
 26478 | D:13     | Reached XP level 16. HP: 70/100 MP: 23/23
 26489 | D:13     | Identified the +7 long sword "Giantbane" {vamp, -Tele
                  | *Noise rPois SInv} (You found it in an ice cave)
 26489 | D:13     | Gained mutation: Your body sometimes deteriorates upon
                  | taking damage. [mutagenic glow]
 26805 | D:14     | Reached skill level 9 in Dodging
 27430 | D:15     | Entered Level 15 of the Dungeon
 27533 | D:15     | Reached skill level 7 in Evocations
 27589 | D:15     | Reached skill level 9 in Armour
 27753 | D:15     | Noticed Kirke
 27776 | D:15     | Killed Kirke
 27776 | D:15     | Received a gift from Okawaru
 27898 | D:15     | Found a staircase to the Depths.
 28198 | D:13     | Noticed Rupert
 28353 | Lair:1   | Identified the cursed +1 rapier "Roytutew" {vorpal, MR++
                  | Str+3 Dex-5} (You found it on level 12 of the Dungeon)
 28355 | Lair:1   | Identified the +8 dagger of Misery {venom, *Drain rElec rN+
                  | Str+4} (You found it on level 6 of the Lair of Beasts)
 28435 | Swamp:1  | Entered Level 1 of the Swamp
 28515 | Lair:4   | Reached skill level 11 in Throwing
 28824 | Swamp:1  | Received a gift from Okawaru
 29147 | Swamp:1  | Reached skill level 1 in Stealth
 29384 | Swamp:1  | Reached skill level 10 in Dodging
 29577 | Swamp:2  | Reached skill level 8 in Evocations
 29760 | Swamp:2  | Reached skill level 2 in Stealth
 29995 | Swamp:2  | Noticed a tentacled monstrosity
 30112 | Swamp:2  | Killed a tentacled monstrosity
 30257 | Swamp:2  | Reached skill level 10 in Armour
 30257 | Swamp:2  | Reached skill level 3 in Stealth
 30386 | Swamp:2  | Reached skill level 12 in Fighting
 30614 | Swamp:3  | Reached XP level 17. HP: 96/106 MP: 24/24
 30644 | Swamp:3  | Received a gift from Okawaru
 31305 | Swamp:3  | Found an iron altar of Okawaru.
 31374 | Swamp:4  | Entered Level 4 of the Swamp
 31453 | Swamp:4  | Found a runed translucent gate.
 31566 | Swamp:4  | Found a runed translucent gate.
 31566 | Swamp:4  | Found a runed translucent gate.
 31566 | Swamp:4  | Noticed Torious's ghost (adept DECj)
 31767 | Swamp:4  | Reached skill level 4 in Stealth
 31914 | Swamp:4  | Received a gift from Okawaru
 32634 | Swamp:4  | Reached skill level 9 in Evocations
 32700 | Swamp:4  | Noticed a bone dragon
 32725 | Swamp:4  | Killed a bone dragon
 32725 | Swamp:4  | Received a gift from Okawaru
 32976 | Swamp:4  | Got a decaying rune of Zot
 33282 | Snake:1  | Entered Level 1 of the Snake Pit
 33404 | Snake:1  | Noticed Nikola
 33430 | Snake:1  | Killed Nikola
 33430 | Snake:1  | Received a gift from Okawaru
 33430 | Snake:1  | Reached skill level 11 in Dodging
 33464 | Snake:1  | Got a bloodstained robe
 33465 | Snake:1  | Identified the +1 robe of Vuec {Str+3 Dex+2 Slay+5} (You
                  | found it on level 1 of the Snake Pit)
 33556 | Snake:1  | Reached skill level 5 in Stealth
 33627 | Snake:1  | Identified Gemaamio's Guide on Dislocated Unholy Rites
 33778 | Snake:1  | Noticed Louise
 33796 | Snake:1  | Cast into level 2 of the Abyss (Louise)
 33808 | Abyss:2  | Got a ripped robe
 33827 | Abyss:2  | Found a corrupted altar of Lugonu.
 33856 | Abyss:2  | Slain by a thrashing horror

Levels and vault maps discovered:
D:1:      arrival_zaba_pyramid, layout_rooms
D:2:      layout_rooms, minmay_misc_feat_tower
D:3:      layout_basic, lemuel_round_altar, vehumet_crystals, st_stairs_3
D:4:      layout_loops_ring, minmay_temple_entry_large_hall
D:5:      layout_basic, first_ration, minivault_5, serial_bayou_pond_c
D:6:      layout_basic, uniq_blork_the_orc
D:7:      layout_loops_ring, grunt_livestock
D:8:      layout_basic, grunt_temple_overflow_open, dpeg_lair_monsters,
          gup_ossuary_entry_pyramid, nicolae_gozag_seed_capital, uniq_grum,
          uniq_pikel
D:9:      layout_basic, minmay_guarded_unrand_variability
D:10:     dragon1_lemuel, layout_basic
D:11:     layout_stronghold, erik_orc_4, serial_shops, nicolae_shop_trees,
          kennysheep_little_box, nicolae_shop_stone, st_stairs_3
D:12:     layout_cave_pools, gauntlet_entry_generic, minmay_increasing_density
D:13:     layout_basic, david_vaults_5,
          portal_ice_cave_entry_animals_and_master, kennysheep_generic_room_11,
          uniq_rupert
D:14:     layout_irregular_city, minmay_stone_trees_large
D:15:     grunt_enter_depths_hoard, layout_basic, solitary_fountain, uniq_kirke
Temple:   nicolae_temple_hex_pool
Lair:1:   layout_cave_pods, cheibrodos_lair_lostbears
Lair:2:   layout_layer_cave, minmay_snake_entry_guardpost_small,
          nicolae_quartered_pool_medium, beast_lair_carwin_5
Lair:3:   layout_gridlike, minmay_lair_oklob_chamber, serial_bayou_shore_b
Lair:4:   layout_loops_ring, skrybe_swamp_entry_bodies,
          chequers_serial_rivers_micro_e
Lair:5:   layout_regular_city, slime_altar_1, lemuel_fruit_tree
Lair:6:   due_jungle_book, layout_regular_city
Swamp:1:  layout_basic_swamp, nicolae_swamp_very_dense_foliage
Swamp:2:  cheibrodos_swamp_monstrosity, layout_falls_marsh,
          hangedman_swamp_blocks
Swamp:3:  layout_falls_marsh, nicolae_swamp_godswood, swamp_pool2
Swamp:4:  swamp_pestilence, layout_basic_swamp, ebering_ghost_rock_garden,
          infiniplex_staircase_pool
Snake:1:  layout_gridlike, basic_altar, serial_bayou_lagoon_a,
          serial_bayou_shore_b, uniq_louise, uniq_nikola
Orc:1:    layout_diamond_mine
Orc:2:    grunt_orc_tribal_feast, layout_diamond_mine, serial_shops, shop, shop,
          sword_in_stone
Elf:1:    layout_gridlike, serial_shops, nicolae_shop_crystal,
          hangedman_elven_crosses_minicolossus
Abyss:2:  base:
Lair:2

Skill      XL: |  1  2  3  4  5  6  7  8  9 10 11 12 13 14 15 16 17 |
---------------+----------------------------------------------------+-----
Long Blades    | 3 4 5 6 8 9 10 12 13 14 15 16 | 16.8
Fighting       | 3 4 5 6 7 8 9 10 11 12 | 12.4
Translocations | 3 4 5 6 7 8 9 |  9.3
Throwing       | 2 3 4 6 7 8 9 10 11 | 11.9
Invocations    | 1 3 4 5 6 7 8 |  8.2
Spellcasting   | 3 |  3.0
Armour         | 3 5 7 8 10 | 10.8
Dodging        | 4 6 7 8 10 11 | 11.0
Charms         | 1 2 |  2.0
Evocations     | 3 5 6 8 9 |  9.2
Stealth        | 3 5 |  5.1

Action                   |  1- 3 |  4- 6 |  7- 9 | 10-12 | 13-15 | 16-18 || total
-------------------------+-------+-------+-------+-------+-------+-------++-------
Melee: Falchion          |    70 |   125 |    31 |       |       |       ||   226
       Kick              |    22 |    35 |    89 |   158 |   538 |   454 ||  1296
       Peck              |     9 |    15 |    55 |   112 |   330 |   297 ||   818
       Scimitar          |       |       |   223 |   549 |  1312 |   894 ||  2978
       Punch             |       |       |     1 |    11 |    21 |    15 ||    48
       Long sword        |       |       |       |       |       |   281 ||   281
Throw: Throwing net      |       |     1 |       |       |       |       ||     1
       Boomerang         |       |     8 |     3 |    71 |   139 |   161 ||   382
       Dart              |       |     2 |    11 |    30 |     5 |       ||    48
 Cast: Blink             |       |       |     3 |     8 |    15 |    17 ||    43
       Shroud of Golubri |       |       |     1 |       |       |       ||     1
Invok: Heroism           |       |       |    11 |    31 |    62 |    43 ||   147
       Finesse           |       |       |       |     2 |     4 |     4 ||    10
 Abil: Fly               |       |     2 |       |       |       |       ||     2
       Stop Flying       |       |     1 |       |       |       |       ||     1
Evoke: Wand              |       |     2 |     3 |       |    25 |    10 ||    40
       Fan of gales      |       |       |       |       |       |     1 ||     1
  Use: Scroll            |     2 |     4 |     4 |     6 |    10 |     8 ||    34
       Potion            |       |     3 |     1 |       |     1 |     3 ||     8
 Stab: Sleeping          |       |       |     1 |       |     2 |     1 ||     4
       Invisible         |       |       |       |     4 |       |       ||     4
       Distracted        |       |       |       |     1 |     1 |     1 ||     3
       Confused          |       |       |       |       |       |     4 ||     4
       Paralysed         |       |       |       |       |       |    11 ||    11
  Eat: Chunk             |       |     9 |     7 |    19 |    36 |    13 ||    84
       Ration            |       |       |     1 |     1 |     1 |     4 ||     7
Armor: Leather armour    |     8 |       |       |       |       |       ||     8
       Ring mail         |    16 |    46 |    66 |    47 |   274 |   293 ||   742
       Scale mail        |       |       |       |    59 |     8 |       ||    67
Dodge: Dodged            |    41 |    94 |   156 |   296 |   966 |   989 ||  2542
       Rpst.: Falchion   |    13 |    31 |     7 |       |       |       ||    51
       Scimitar          |       |       |    40 |    84 |   244 |   165 ||   533
       Long sword        |       |       |       |       |       |    64 ||    64

Table legend:
 A = Non-vault XP
 B = Vault XP
 C = Vault XP percentage of total XP
 D = Non-vault monster count
 E = Vault monster count
 F = Vault count percentage of total count
                 A         B        C        D         E       F
            +---------+---------+-------+---------+---------+-------
      Total |  166241 |   64349 |  27.9 |     790 |     232 |  22.7
            +---------+---------+-------+---------+---------+-------
        D:1 |      42 |       0 |   0.0 |      17 |       0 |   0.0
        D:2 |      74 |       0 |   0.0 |      20 |       0 |   0.0
        D:3 |     208 |       1 |   0.5 |      26 |       1 |   3.7
        D:4 |     358 |       0 |   0.0 |      14 |       0 |   0.0
        D:5 |     581 |       0 |   0.0 |      18 |       0 |   0.0
        D:6 |    1242 |     295 |  19.2 |      24 |       2 |   7.7
        D:7 |    1029 |    2065 |  66.7 |      14 |       8 |  36.4
        D:8 |    1065 |    3739 |  77.8 |      18 |      11 |  37.9
        D:9 |    2893 |     183 |   5.9 |      33 |       1 |   2.9
       D:10 |    4847 |    1113 |  18.7 |      24 |       1 |   4.0
       D:11 |    6004 |    2436 |  28.9 |      42 |      19 |  31.1
       D:12 |    4853 |    1796 |  27.0 |      25 |       5 |  16.7
       D:13 |   12150 |    4103 |  25.2 |      65 |      11 |  14.5
       D:14 |    4835 |       0 |   0.0 |      27 |       0 |   0.0
       D:15 |   11575 |    4506 |  28.0 |      35 |       5 |  12.5
     Lair:1 |    5420 |     593 |   9.9 |      24 |       2 |   7.7
     Lair:2 |   12650 |    1732 |  12.0 |      42 |       9 |  17.6
     Lair:3 |    3931 |       0 |   0.0 |      19 |       0 |   0.0
     Lair:4 |    6345 |     515 |   7.5 |      24 |       2 |   7.7
     Lair:5 |    6320 |       0 |   0.0 |      14 |       0 |   0.0
     Lair:6 |   18361 |    2826 |  13.3 |      34 |       5 |  12.8
    Swamp:1 |   11280 |       0 |   0.0 |      51 |       0 |   0.0
    Swamp:2 |   14476 |    2863 |  16.5 |      38 |       1 |   2.6
    Swamp:3 |    8012 |       0 |   0.0 |      28 |       0 |   0.0
    Swamp:4 |   15789 |   15553 |  49.6 |      38 |      41 |  51.9
    Snake:1 |    4980 |    4035 |  44.8 |       9 |       1 |  10.0
      Orc:1 |    2648 |    1621 |  38.0 |      38 |       2 |   5.0
      Orc:2 |    2538 |    4915 |  65.9 |      27 |      32 |  54.2
      Elf:1 |     535 |       0 |   0.0 |       1 |       0 |   0.0
    Abyss:2 |    1200 |       0 |   0.0 |       1 |       0 |   0.0
    Ossuary |       0 |     406 | 100.0 |       0 |      39 | 100.0
      IceCv |       0 |    4950 | 100.0 |       0 |      22 | 100.0
   Gauntlet |       0 |    4103 | 100.0 |       0 |      12 | 100.0
            +---------+---------+-------+---------+---------+-------
